 Dungeon Crawl Stone Soup version 0.29.0-13-gc9e81de378 (webtiles) character file.

Game seed: 6551934188786560052

105 Iusername the Trooper (level 4, 0/41 HPs)
             Began as a Minotaur Fighter on Sept 8, 2022.
             Succumbed to Crazy Yiuf's poison
             ... on level 2 of the Dungeon.
             The game lasted 00:03:44 (1837 turns).

Iusername the Trooper (Minotaur Fighter)            Turns: 1837, Time: 00:03:45

Health: 0/41       AC:  7    Str: 22    XL:     4   Next: 54%
Magic:  3/3        EV:  8    Int:  5    God:
Gold:   118        SH:  8    Dex: 10    Spells: 3/3 levels left

rFire   . . .      SeeInvis .   a - +0 trident
rCold   . . .      Faith    .   f - +0 kite shield
rNeg    . . .      Spirit   .   b - +0 scale mail
rPois   .          Reflect  .   (helmet restricted)
rElec   .          Harm     .   (no cloak)
rCorr   .          Rampage  .   (no gloves)
Will    .....                   (no boots)
Stlth   ..........              (no amulet)
HPRegen 0.13/turn               (no ring)
MPRegen 0.08/turn               (no ring)

@: lethally poisoned (0 -> -1), flying
A: horns 2, retaliatory headbutt
a: no special abilities


You were on level 2 of the Dungeon.
You visited 1 branch of the dungeon, and saw 2 of its levels.

You collected 118 gold pieces.

Inventory:

Hand Weapons
 a - a +0 trident (weapon)
Armour
 b - a +0 scale mail (worn)
 c - a +0 buckler
 f - a +0 kite shield (worn)
Potions
 d - a potion of might
 i - a potion of flight


   Skills:
 + Level 4.5 Fighting
 + Level 4.1 Polearms
 + Level 4.2 Armour
 + Level 0.3 Dodging
 + Level 4.2 Shields


You had 3 spell levels left.
You didn't know any spells.
Your spell library was empty.

Dungeon Overview and Level Annotations

Branches:
Dungeon (2/15)

Altars:


Innate Abilities, Weirdness & Mutations

You have a pair of horns on your head.
You reflexively headbutt those who attack you in melee.


Message History

You hit Crazy Yiuf but do no damage.
Crazy Yiuf is almost dead.
You feel very sick. You block Crazy Yiuf's attack.
You hit Crazy Yiuf but do no damage.
Crazy Yiuf is almost dead.
You feel sick.
Crazy Yiuf hits you with a +2 quarterstaff of chaos.
* * * LOW HITPOINT WARNING * * *
Crazy Yiuf burns you.
* * * LOW HITPOINT WARNING * * *
It was a potion of flight.
You feel very buoyant.
You fly up into the air.
* * * LOW HITPOINT WARNING * * *
You feel sick. You block Crazy Yiuf's attack.
Unknown command.
It was a potion of magic.
Magic courses through your body.
* * * LOW HITPOINT WARNING * * *
You feel sick.
Crazy Yiuf grits, "Spliff cloud King!"
Crazy Yiuf barely misses you. You furiously retaliate!
You headbutt Crazy Yiuf.
You kill Crazy Yiuf!
Your life force feels restored.
Your Polearms skill increases to level 4!
As you read the scroll labelled RYOFFA OSSUINN, it crumbles to dust.
You assume a fearsome visage.
Nothing appears to happen.
It was a scroll of fear.
* * * LOW HITPOINT WARNING * * *
You feel sick.
As you read the scroll labelled OPUEGOMIUB, it crumbles to dust.
It is a scroll of identify.
g - a scroll of immolation
* * * LOW HITPOINT WARNING * * *
You feel sick.
As you read the scroll of immolation, it crumbles to dust.
The air around you briefly surges with heat, but it dissipates.
* * * LOW HITPOINT WARNING * * *
You feel sick.
You die...

#### #...
##### #...
#..)# #...
#...# #...
############
#...#
####### #...
...........#
#@# #.....#
###.
############
♣♣.♣ #.....#
##. ♣.♣♣
#.....## #..
############
♣♣.♣
#......# ##.
...........#
♣.♣♣
#......# #.
...........#
♣♣.♣♣
###....# #.
....<.[....#
♣...♣♣
#......####.
...........#
♣....♣
#....^......
####.......#
#....#
##.........)


There were no monsters in sight!

Vanquished Creatures
  Crazy Yiuf (D:2)
  4 adders (D:2)
  A worm (D:2)
  4 ball pythons
  3 endoplasms (D:1)
  A giant cockroach (D:1)
  2 goblins (D:1)
  9 hobgoblins
  2 quokkas
  6 bats
  A frilled lizard (D:1)
  3 kobolds
  2 rats (D:2)
39 creatures vanquished.

Notes
Turn   | Place    | Note
-------+----------+-------------------------------------------
     0 | D:1      | Iusername the Minotaur Fighter began the quest for the Orb.
     0 | D:1      | Reached XP level 1. HP: 19/19 MP: 0/0
   211 | D:1      | Reached XP level 2. HP: 27/27 MP: 1/1
  1172 | D:2      | Reached XP level 3. HP: 31/34 MP: 2/2
  1326 | D:2      | Reached XP level 4. HP: 41/41 MP: 3/3
  1755 | D:2      | Found a runed translucent door.
  1756 | D:2      | Noticed Crazy Yiuf
  1833 | D:2      | Killed Crazy Yiuf
  1835 | D:2      | HP: 2/41 [poisoned by Crazy Yiuf]
  1837 | D:2      | Succumbed to Crazy Yiuf's poison

Illustrated notes

Levels and vault maps discovered:
D:1:      sevenhm_arrival_forest_fort_large_2, layout_basic
D:2:      layout_basic, kennysheep_generic_room_11, uniq_crazy_yiuf_cottage

Skill      XL: |  1  2  3  4 |
---------------+-------------+-----
Fighting       | 4 |  4.5
Shields        | 4 |  4.2
Armour         | 4 |  4.2
Polearms       | 3 4 |  4.1
Dodging        | |  0.3

Action                   |  1- 3 |  4- 6 || total
-------------------------+-------+-------++-------
Melee: Trident           |    76 |    23 ||    99
       Headbutt          |     5 |     3 ||     8
  Use: Scroll            |       |     3 ||     3
       Potion            |       |     2 ||     2
Armor: Scale mail        |    30 |    11 ||    41
Dodge: Dodged            |    22 |    13 ||    35
Block: Buckler           |     3 |       ||     3
       Kite shield       |    12 |    18 ||    30
